[Event "*** Titled Tuesday Blitz"]
[Site "Chess.com"]
[Date "2020.11.10"]
[Round "2"]
[White "SanchezKelvin"]
[Black "oneshot007"]
[Result "1-0"]
[WhiteElo "2441"]
[BlackElo "2229"]
[TimeControl "180+1"]
[EndTime "10:20:55 PST"]
[Termination "SanchezKelvin won by resignation"]

1. e4 c5 2. Nf3 Nc6 3. d4 cxd4 4. Nxd4 Nf6 5. Nc3 e5 6. Ndb5 d6 7. Bg5 a6 8. Na3 b5 9. Nd5 Be7 10. Bxf6 Bxf6 11. c4 b4 12. Nc2 O-O 13. h4 g6 14. h5 Bg5 15. Bd3 Qa5 16. b3 Qc5 17. Qe2 a5 18. O-O Kh8 19. g3 a4 20. Kg2 a3 21. f4 exf4 22. gxf4 Bh6 23. f5 Bb7 24. Rh1 g5 25. Raf1 Rae8 26. Qf2 Ne5 27.
Qe2 Bxd5 28. exd5 Nxc4 29. Qf2 Qxd5+ 30. Qf3 Qxf3+ 31. Rxf3 Ne5 32. Nxb4 Nxf3 33. Kxf3 Re5 34. Rd1 Rfe8 35. Bc4 Re3+ 36. Kf2 g4 37. Rxd6 Bf4 38. Rd7 R8e7 39. Rd8+ Kg7 40. Nd5 Rf3+ 41. Kg2 Kh6 42. Nxe7 Kg5 43. Nd5 Rg3+ 44. Kf2 Be5 45. Re8 Rf3+ 46.
Kg2 Bg7 47. f6 Bh6 48. Re5+ Kh4 49. Be2 Rf4 1-0

[Event "*** Titled Tuesday Blitz"]
[Site "Chess.com"]
[Date "2020.11.10"]
[Round "2"]
[White "Vasily85"]
[Black "Stalri"]
[Result "0-1"]
[WhiteElo "2393"]
[BlackElo "2196"]
[TimeControl "180+1"]
[EndTime "10:20:55 PST"]
[Termination "Stalri won on time"]

1. d4 g6 2. e4 Bg7 3. Nf3 d6 4. Be2 Nd7 5. O-O e5 6. Nc3 Ne7 7. Be3 O-O 8. Qd2 Nc6 9. Rad1 Re8 10. Rfe1 a6 11. a4 exd4 12. Nxd4 Nde5 13. Nd5 Bd7 14. h3 Rb8 15. f4 Nxd4 16. Bxd4 Nc6 17. Bxg7 Kxg7 18. Bf3 Be6 19. Qc3+ f6 20. Kh2 Bxd5 21. exd5 Ne7 22. Re6 Ng8 23. f5 Rxe6 24. fxe6 Qe7 25. Rd4 Rc8 26. Rc4 Qd8 27. b4 Ne7 28. b5 axb5 29.
axb5 g5 30. h4 h6 31. Kg1 b6 32. Ra4 Ng6 33. h5 Ne5 34. Be4 Kf8 35. Ra7 Ke7 36. Bf3 Kf8 37. Qd4 Qe7 38. Qe4 Qg7 39. Kh2 Ke8 40.
Qf5 Kf8 41. Be4 Ke7 42. Ra3 Rh8 43. Qf2 Rf8 44. Bf5 Rc8 45. Kg1 Qf8 46. Qe1 Ra8 47. Qa1 Rxa3 48. Qxa3 Qe8 49. Qa7 Qc8 50. Kh1 Nc4 51. g3 Na5 0-1

[Event "*** Titled Tuesday Blitz"]
[Site "Chess.com"]
[Date "2020.11.10"]
[Round "2"]
[White "lucachess49"]
[Black "pedro_nascimento85"]
[Result "0-1"]
[WhiteElo "2348"]
[BlackElo "2004"]
[TimeControl "180+1"]
[EndTime "10:20:56 PST"]
[Termination "pedro_nascimento85 won on time"]

1. d4 d5 2. c4 e6 3. Nc3 Be7 4. cxd5 exd5 5. Bf4 c6 6. e3 Nf6 7. Bd3 O-O 8. Qc2 Nbd7 9. Nf3 Re8 10. O-O Nf8 11. h3 Ng6 12. Bh2 Bd6 13. a3 Bxh2+ 14.
Kxh2 Bd7 15. b4 Rc8 16. Rac1 Re7 17. Qb3 Ne8 18. b5 Nd6 19. bxc6 bxc6 20. Na4 Rb8 21. Qc2 Nb7 22. Nc5 Nxc5 23. Qxc5 Qc7+ 24. g3 Ree8 25. Rb1 Be6 26. Bxg6 hxg6 27. Ne5 Bf5 28. Rxb8 Rxb8 29. Nxc6 Rb7 30. Rc1 Kh7 31. Nb4 Qd7 32. Qxd5 Qxd5 33. Nxd5 Rb3 34. Rc3 Rb2 35. Kg1 Be4 36. Rc1 Bxd5 37.
Rd1 Rb3 38. e4 Be6 39. d5 Bd7 40. e5 Rxa3 41. Rc1 Ra5 42. d6 Rxe5 43. Rc7 Be6 44. Rxa7 Rd5 45. Ra6 g5 46. g4 Kg6 47. Kg2 Kf6 48.
Kf3 Ke5 49. h4 Rxd6 0-1

[Event "*** Titled Tuesday Blitz"]
[Site "Chess.com"]
[Date "2020.11.10"]
[Round "2"]
[White "Sergienko_Sergey"]
[Black "Rakhimzhan_Alen"]
[Result "0-1"]
[WhiteElo "2289"]
[BlackElo "2634"]
[TimeControl "180+1"]
[EndTime "10:20:57 PST"]
[Termination "Rakhimzhan_Alen won on time"]

1. e4 e5 2. Nf3 Nc6 3. Bb5 Nf6 4.
d3 Bc5 5. Bxc6 dxc6 6. Nbd2 Nd7 7. Nc4 Qe7 8. Be3 f6 9. O-O Nf8 10. Bxc5 Qxc5 11. Ne3 Ne6 12. Nf5 g6 13. d4 exd4 14.
N5xd4 Nxd4 15. Qxd4 Qxd4 16. Nxd4 Bd7 17. Rfd1 c5 18.
Ne2 Bc6 19. f3 Ke7 20. Kf2 a5 21. Nc3 Rhd8 22. a4 Rd4 23. Ke3 Rad8 24. Rd3 Rxd3+ 25. cxd3 Rd4 26. b3 Rb4 27. Rb1 b6 28. Na2 Rd4 29. Nc3 h5 30. Na2 Bb7 31. Rc1 Ba6 32. Rc3 c6 33.
Nc1 Rd8 34. Ne2 g5 35. h3 h4 36. Nc1 Kd6 37. Ne2 Rb8 38. Nc1 b5 39. d4 cxd4+ 40.
Kxd4 bxa4 41. bxa4 Rb4+ 42. Ke3 Rxa4 43. Nb3 Ra3 44. Kd4 a4 45. Nd2 Rxc3 46. Kxc3 Kc5 47. e5 f5 48. e6 Kd6 49. Kb4 Bb5 0-1

[Event "*** Titled Tuesday Blitz"]
[Site "Chess.com"]
[Date "2020.11.10"]
[Round "2"]
[White "Annawel"]
[Black "denispopov"]
[Result "1-0"]
[WhiteElo "2918"]
[BlackElo "1795"]
[TimeControl "180+1"]
[EndTime "10:20:58 PST"]
[Termination "Annawel won on time"]

1. Nf3 Nf6 2. g3 g6 3. Bg2 Bg7 4. O-O O-O 5. d4 d6 6. c4 c6 7. Nc3 Qa5 8. e4 Bg4 9. Be3 Nbd7 10. h3 Bxf3 11. Qxf3 e5 12. d5 cxd5 13. cxd5 Rfc8 14. Rfc1 b5 15. a3 b4 16. axb4 Qxb4 17. Qe2 Nc5 18. Nb5 Nb3 19. Rxc8+ Rxc8 20. Rxa7 Nxe4 21. Bxe4 Qxe4 22.
Nxd6 Qb1+ 23. Kh2 Rf8 24. Qc4 Nd4 25. Bxd4 exd4 26. Ra3 Qxb2 27. Rf3 Qb8 28. Ne4 Qc8 29. Qb3 Qd7 30. Nc5 Qd6 31. Ne4 Qd7 32. Qc4 Rc8 33.
Qa6 Re8 34. Nd6 Rf8 35. Qc6 Qe7 36. Rb3 Qe2 37. Kg2 d3 38. Qc4 Qe5 39. Ne4 Rd8 40. Rxd3 f5 41. Nd2 h5 42. d6+ Kh7 43. Nf3 Qf6 44. h4 Bh6 45. d7 Qe7 46. Qc8 Kg7 47. Ne5 Kf6 48. Nc6 Rxc8 49. dxc8=Q Qe4+ 50. Rf3 f4 51. Qd8+ Kg7 52. Qe7+ Qxe7 53. Nxe7 1-0

[Event "*** Titled Tuesday Blitz"]
[Site "Chess.com"]
[Date "2020.11.10"]
[Round "2"]
[White "AsaHoffmann"]
[Black "samidescalona2002"]
[Result "1/2-1/2"]
[WhiteElo "2396"]
[BlackElo "2176"]
[TimeControl "180+1"]
[EndTime "10:20:58 PST"]
[Termination "Game drawn by agreement"]

1. d4 g6 2. e4 Bg7 3. Be3 a6 4. Qd2 b5 5. a4 bxa4 6. Nc3 Bb7 7.
Bc4 d6 8. f4 Nf6 9. e5 dxe5 10.
fxe5 Ng4 11. Nf3 c5 12. e6 Bxf3 13. exf7+ Kf8 14. gxf3 Nxe3 15. Qxe3 cxd4 16. Qe4 Nc6 17. Ne2 Qa5+ 18. Kf2 Qc5 19. Qd5 Qb6 20. Nf4 Bf6 21.
Rxa4 d3+ 22. Kg2 Qxb2 23. Qxc6 Qxc2+ 24. Kh3 Kg7 25. Ne6+ Kh6 26. Qe4 Qxa4 27. Bxd3 Qxe4 28. Bxe4 Rab8 29. Rd1 Rhf8 30. Nxf8 Rxf8 31. Bd5 a5 32. Be6 Bc3 33. Rc1 Bb4 34. Rc7 Kg7 35. Ra7 Kf6 36. Bb3 e6 37. Ra6 Kxf7 38. Rxe6 Kg7 39. Kg4 h5+ 40.
Kg3 Kf7 41. Ra6+ Kg7 42. Bc2 Rf6 43. Ra7+ Kh6 44. h4 Be1+ 45. Kg2 Bxh4 46. Rxa5 Bg5 47.
Be4 Rd6 48. Kg3 Rf6 49. Ra8 Bf4+ 50. Kh3 Rd6 51. Rf8 Kg5 52. Rg8 Rb6 53. Kg2 Rb2+ 54. Kf1 Rb6 55. Ke2 Rf6 1/2-1/2

[Event "*** Titled Tuesday Blitz"]
[Site "Chess.com"]
[Date "2020.11.10"]
[Round "2"]
[White "DenLaz"]
[Black "Crazy_girl99"]
[Result "1/2-1/2"]
[WhiteElo "2760"]
[BlackElo "2536"]
[TimeControl "180+1"]
[EndTime "10:20:59 PST"]
[Termination "Game drawn by repetition"]

1. d4 e6 2. c4 b6 3. e4 Bb4+ 4. Bd2 Bxd2+ 5. Qxd2 d5 6. cxd5 exd5 7. e5 Ne7 8. Nc3 c5 9. Bb5+ Bd7 10. Bxd7+ Qxd7 11. Nge2 Nbc6 12. O-O O-O 13. f4 f6 14. exf6 Rxf6 15.
Rad1 c4 16. Ng3 Raf8 17. h3 Qd6 18. Nce2 Ng6 19. Nh5 R6f7 20. Rf2 Nh4 21. Rdf1 Re8 22. Nhg3 Nb4 23. Nc1 Nf5 24. Nxf5 Rxf5 25. a3 Nc6 26. Ne2 Rf7 27. Nc3 a6 28. f5 Rf6 29. Qf4 Kf7 30. Qxd6 Rxd6 31. Rd1 h6 32. g4 b5 33. Kf1 Re3 34.
Kg2 Rd8 35. Rf3 Rxf3 36. Kxf3 Ke7 37. h4 Kd6 38. Kf4 Re8 39. g5 hxg5+ 40. hxg5 Rh8 41. f6 gxf6 42. gxf6 Ke6 43. Re1+ Kxf6 44. Nxd5+ Kf7 45.
Rf1 Ke6 46. Ke4 Rh4+ 47. Nf4+ Kd6 48. Rf2 Ne7 49. Rg2 a5 50. Rg5 b4 51. Rxa5 c3 52. bxc3 bxc3 53. Ra6+ Kd7 54. Ra7+ Kd6 55. Ra6+ Kd7 56.
Ra7+ Kd8 57. Ra8+ Kc7 58. Ra7+ Kd8 59. Ra8+ Kd7 60. Ra7+ 1/2-1/2

[Event "*** Titled Tuesday Blitz"]
[Site "Chess.com"]
[Date "2020.11.10"]
[Round "2"]
[White "vinniethepooh"]
[Black "Sibelephant"]
[Result "0-1"]
[WhiteElo "2612"]
[BlackElo "3091"]
[TimeControl "180+1"]
[EndTime "10:21:00 PST"]
[Termination "Sibelephant won by resignation"]

1. d4 d5 2. c4 c6 3. Nf3 Nf6 4. Nc3 e6 5. Bg5 Be7 6. e3 Nbd7 7.
Qc2 O-O 8. Rd1 h6 9. Bh4 b6 10. Bd3 Bb7 11. O-O Rc8 12. b3 c5 13. cxd5 Nxd5 14.
Bxe7 Qxe7 15. Nxd5 Bxd5 16. Qe2 Bxf3 17. Qxf3 cxd4 18.
Qe4 Nf6 19. Qxd4 Rfd8 20. Qb2 Rd6 21. h3 Rcd8 22. Be2 Ne4 23. Qe5 Nd2 24. Rfe1 Rd5 25.
Qc3 Qh4 26. Qc2 Qf6 27. Bc4 R5d6 28. Be2 Qh4 29. Bf1 g6 30. Be2 Rd5 31. Bf1 Qf6 32. Bc4 R5d6 33. Be2 Kg7 34. Bf1 h5 35. Be2 a5 36. Bb5 Rd5 37. Bc4 R5d6 38. Bb5 g5 39.
Be2 Kh6 40. Bf1 g4 41. e4 Qf4 42. e5 Rd4 43. Qc3 gxh3 44. Qxh3 Qg4 45. Qe3+ Qg5 46. Be2 Qxe3 47. fxe3 R4d5 48. Bf3 Nxf3+ 49. gxf3 Rxd1 50. Kf2 Rxe1 51. Kxe1 h4 0-1

[Event "*** Titled Tuesday Blitz"]
[Site "Chess.com"]
[Date "2020.11.10"]
[Round "2"]
[White "narutosmith"]
[Black "davidkalashian"]
[Result "0-1"]
[WhiteElo "2308"]
[BlackElo "2607"]
[TimeControl "180+1"]
[EndTime "10:21:01 PST"]
[Termination "davidkalashian won by resignation"]

1. d4 Nf6 2. Bf4 e6 3. e3 b6 4. Nf3 Bb7 5. Nbd2 c5 6. Bd3 Be7 7. h3 O-O 8. c3 cxd4 9. exd4 d6 10.
O-O a6 11. Qe2 Nbd7 12. a4 Re8 13. Rfe1 Nf8 14. Ne4 Ng6 15. Bh2 Nd5 16. Qd2 h6 17.
c4 Nc7 18. Qc2 f5 19. Ned2 Bf6 20. Qb3 Rb8 21. Qb4 Be7 22. d5 Ne5 23. Nxe5 dxe5 24. Qc3 e4 25. d6 Bxd6 26. Bxd6 Qxd6 27. Bc2 Rbd8 28. Nb3 Qe7 29. c5 Nd5 30. Qe5 bxc5 31. Na5 Nb4 32. Bb3 Bd5 33. Bxd5 Rxd5 34. Qf4 Nd3 35. Qg3 Nxe1 36. Rxe1 Qd6 37. Qe3 Rd1 38. Nc4 Qd4 39. Rxd1 Qxd1+ 40. Kh2 Qd4 41. Qb3 Kh7 42. Ne3 f4 43. Ng4 h5 44. Qb7 hxg4 45. Qf7 Rd8 46.
Qh5+ Kg8 47. Qxg4 Qf6 48. Qh5 Rf8 49. Qg4 f3 50. g3 e3 51. Qf4 Qxf4 52. gxf4 exf2 0-1

[Event "*** Titled Tuesday Blitz"]
[Site "Chess.com"]
[Date "2020.11.10"]
[Round "2"]
[White "Phenix2k"]
[Black "AungTZ"]
[Result "1-0"]
[WhiteElo "2391"]
[BlackElo "2101"]
[TimeControl "180+1"]
[EndTime "10:21:01 PST"]
[Termination "Phenix2k won on time"]

1. d4 Nf6 2. c4 e6 3. g3 d5 4. Bg2 Be7 5. Nf3 O-O 6. O-O c5 7. dxc5 Bxc5 8. a3 a6 9. b4 Be7 10.
Bb2 dxc4 11. Qc2 h6 12. Nbd2 Nc6 13. Nxc4 b5 14. Nce5 Nxe5 15. Nxe5 Ra7 16. Rfd1 Qc7 17. Nc6 Bb7 18. Nxe7+ Qxe7 19. Bd4 Rc8 20. Qb2 Raa8 21. Bc5 Qc7 22. Rac1 Bxg2 23. Kxg2 Qb7+ 24. f3 Nd5 25. e4 Rxc5 26. bxc5 Ne3+ 27. Kg1 Nxd1 28. Rxd1 Qc6 29. Qd4 Rc8 30. Rc1 a5 31. h4 Rb8 32. Qd6 Rc8 33.
Qxc6 Rxc6 34. Kf2 Kf8 35. Ke3 Ke7 36. Kd4 Kd7 37. Rb1 e5+ 38. Kd5 Rg6 39. g4 Rf6 40. Rb3 b4 41. axb4 axb4 42. Kxe5 Kc6 43. f4 Re6+ 44. Kd4 Rg6 45. g5 hxg5 46. hxg5 Re6 47.
Rxb4 Re8 48. Ra4 Kc7 49. Ra7+ Kc6 50. Rxf7 Rd8+ 51. Ke5 Re8+ 52. Kf5 g6+ 53. Kxg6 Rxe4 54. f5 Kxc5 55. f6 1-0

[Event "*** Titled Tuesday Blitz"]
[Site "Chess.com"]
[Date "2020.11.10"]
[Round "2"]
[White "Forantes"]
[Black "niki_2003"]
[Result "1-0"]
[WhiteElo "2356"]
[BlackElo "1958"]
[TimeControl "180+1"]
[EndTime "10:21:01 PST"]
[Termination "Forantes won by resignation"]

1. Nf3 Nf6 2. g3 g6 3. b3 Bg7 4. Bb2 O-O 5. Bg2 Nc6 6. O-O d5 7. c4 e6 8. d3 Bd7 9. Nbd2 Re8 10. Re1 e5 11. cxd5 Nxd5 12. Nc4 e4 13. dxe4 Bxb2 14.
Nxb2 Nc3 15. Qd3 Nxe4 16. Rad1 Nb4 17. Qxd7 Qf6 18. Qd4 Nc2 19. Qxf6 Nxf6 20. Rf1 Rxe2 21. Rd2 Rae8 22. Rfd1 Ng4 23. Rxe2 Rxe2 24. Rd2 Nd4 25.
Rxe2 Nxe2+ 26. Kf1 Nc1 27. Nd2 Nxa2 28. h3 Ne5 29. Bxb7 c6 30. Nbc4 Nxc4 31. Nxc4 Nb4 32. Na5 c5 33. Nc6 Nd3 34. Nxa7 Nc1 35. Bd5 Kg7 36.
Ke1 Nd3+ 37. Ke2 Nb4 38. Bc4 Kf6 39. Nb5 Ke5 40. Ke3 f5 41. f4+ Kf6 42. Nc3 Nc2+ 43. Kd2 Nd4 44. Na4 Nf3+ 45. Ke3 Ng1 46. Nxc5 Nxh3 47. b4 g5 48. b5 gxf4+ 49. gxf4 h5 50.
b6 Ke7 51. b7 Ng1 52. b8=Q h4 53. Qe5+ Kd8 54. Qd6+ 1-0

[Event "*** Titled Tuesday Blitz"]
[Site "Chess.com"]
[Date "2020.11.10"]
[Round "2"]
[White "kidagent"]
[Black "jacky72"]
[Result "1-0"]
[WhiteElo "2316"]
[BlackElo "2528"]
[TimeControl "180+1"]
[EndTime "10:21:02 PST"]
[Termination "kidagent won by checkmate"]

1. e4 e5 2. Nf3 d6 3. d4 Nc6 4. Bb5 exd4 5. Nxd4 Bd7 6. Bxc6 bxc6 7. O-O g6 8. Nc3 Bg7 9. Re1 Ne7 10. Bg5 h6 11. Bh4 c5 12. Nf3 O-O 13. e5 g5 14.
exd6 cxd6 15. Bg3 Nf5 16. Bxd6 Nxd6 17. Qxd6 Rb8 18. Rad1 Rxb2 19. Nd5 Kh8 20. Ne3 Rb7 21. Nf5 Qf6 22. Nxg7 Kxg7 23. Re7 Qxd6 24. Rxd6 Rb1+ 25.
Ne1 Be6 26. Rdxe6 Rd8 27. Kf1 Kf8 28. Re2 a6 29. f3 Rb2 30. a3 Ra2 31. R7e3 Rd1 32.
Kf2 Rda1 33. Re8+ Kg7 34. Rc8 Rxa3 35. Rxc5 Rd1 36. Rc7 Rd6 37. Ree7 Rf6 38. Nd3 Ra2 39. Ke3 Kf8 40. Kd2 Ra1 41. Ne5 Rg1 42. Rxf7+ Rxf7 43. Rxf7+ Kg8 44. g3 Rg2+ 45. Kc3 Rxh2 46. Ra7 Re2 47. Ng4 h5 48. Nf6+ Kf8 49. Nxh5 Re3+ 50. Kd4 Rxf3 51.
Rxa6 Ke7 52. c4 Kd7 53. Rg6 Rf5 54. c5 Kc7 55. g4 Rf1 56. Rxg5 Kc6 57. Rg6+ Kc7 58.
Nf6 Rd1+ 59. Ke5 Re1+ 60. Ne4 Rf1 61. g5 Rg1 62. Rf6 Re1 63. g6 Rg1 64. Rf7+ Kc6 65.
g7 Kb5 66. Kd6 Rg6+ 67. Nf6 Rg1 68. g8=Q Rd1+ 69. Nd5 Kc4 70. Rf4+ Kb5 71. Qb8+ Ka5 72. Qb6# 1-0

[Event "*** Titled Tuesday Blitz"]
[Site "Chess.com"]
[Date "2020.11.10"]
[Round "2"]
[White "Yashasd1995"]
[Black "lilleper1"]
[Result "0-1"]
[WhiteElo "2550"]
[BlackElo "2840"]
[TimeControl "180+1"]
[EndTime "10:21:04 PST"]
[Termination "lilleper1 won by resignation"]

1. b3 d5 2. Bb2 c5 3. e3 Nc6 4.
f4 Nf6 5. Bb5 Bd7 6. Nf3 e6 7. O-O Be7 8. Bxc6 Bxc6 9. Ne5 O-O 10.
d3 Be8 11. c4 b5 12. Nc3 bxc4 13. dxc4 Rb8 14. Qf3 d4 15. Rfd1 dxc3 16. Rxd8 cxb2 17. Rdd1 bxa1=Q 18. Rxa1 Rd8 19. Qb7 Bd6 20. Rd1 h6 21. a4 Rb8 22. Qxa7 Bxe5 23. fxe5 Nd7 24.
Rxd7 Bxd7 25. Qxd7 Rxb3 26. h3 Rb4 27. a5 Rxc4 28. a6 Rc1+ 29. Kh2 Ra1 30. Qc6 Ra5 31. Qb6 Ra2 32. a7 c4 33. Qc5 Ra8 34. Qxc4 R2xa7 35. Qc6 Ra5 36. Qc7 Rd5 37. Qc6 Ra2 38. Qe8+ Kh7 39. Qxf7 Rxe5 40. Qf4 Raa5 41. h4 Rf5 42. Qe4 Re5 43.
Qd3 h5 44. Kh3 Kh6 45. Qd4 Rd5 46. Qc3 Rfe5 47. Kh2 Re4 48. Qc8 Rxh4+ 49. Kg1 Re4 50. Qh8+ Kg6 51. Qe8+ Kf6 52. Qf8+ Kg6 53. Qe8+ Kh7 54.
Kf2 Rf5+ 55. Ke2 Rfe5 56. Kf2 Rxe3 57. g3 R3e4 58. Kf3 Rg4 59. Kf2 Rf5+ 60. Kg2 e5 61.
Qe6 Rfg5 62. Kf2 Rxg3 63. Qe8 R3g4 64. Kf3 Rf4+ 65. Ke3 h4 66. Qe6 Rh5 67. Qh3 Rf6 68. Qg4 Rfh6 69. Qe4+ Rg6 70. Qf3 Kh6 71. Ke4 h3 72. Qe3+ Kh7 73. Qe2 Rh4+ 74. Kf5 h2 75.
Qg2 Rxg2 0-1

[Event "*** Titled Tuesday Blitz"]
[Site "Chess.com"]
[Date "2020.11.10"]
[Round "2"]
[White "amintabatabaei"]
[Black "Pavlov_Sergey"]
[Result "0-1"]
[WhiteElo "2922"]
[BlackElo "2612"]
[TimeControl "180+1"]
[EndTime "10:21:07 PST"]
[Termination "Pavlov_Sergey won on time"]

1. g3 d5 2. Bg2 g6 3. Nf3 Bg7 4. O-O e5 5. d3 Ne7 6. e4 O-O 7.
exd5 Nxd5 8. Nc3 Nxc3 9. bxc3 e4 10. dxe4 Bxc3 11. Rb1 b6 12. Bf4 Qe7 13. Qd5 c6 14. Qd6 Qxd6 15. Bxd6 Rd8 16. e5 Be6 17. a4 Bc4 18. Rfd1 Be2 19. Rdc1 Nd7 20. Rb3 Bxf3 21. Rxc3 Bxg2 22. Kxg2 c5 23. f4 f6 24. e6 Nf8 25.
Be7 Rd2+ 26. Kh3 Kg7 27. Re3 Re8 28. Bxf8+ Kxf8 29. a5 Rd6 30. Rce1 bxa5 31. g4 Ke7 32. f5 gxf5 33. gxf5 Rd5 34. Rf3 a4 35. Ra1 Rd4 36. Rg1 Kd6 37. Rg7 Re7 38. Rg8 Ke5 39. Rc8 Ke4 40. Rf2 Rc4 41. Rd8 a3 42. c3 Rxc3+ 43. Kh4 Rb3 44. Rd1 Rb2 45. Rff1 a2 46. Kg4 Rg7+ 47. Kh3 Rb3+ 48. Kh4 Rb2 49. h3 Rb1 50.
Rxb1 axb1=Q 51. Rxb1 Kxf5 0-1

[Event "*** Titled Tuesday Blitz"]
[Site "Chess.com"]
[Date "2020.11.10"]
[Round "2"]
[White "Oleksandr_Bortnyk"]
[Black "Hasangatin_Ramil"]
[Result "1-0"]
[WhiteElo "2914"]
[BlackElo "2573"]
[TimeControl "180+1"]
[EndTime "10:21:07 PST"]
[Termination "Oleksandr_Bortnyk won on time"]

1. e4 d5 2. exd5 Qxd5 3. Nc3 Qd6 4. d4 Nf6 5. Bd3 c6 6. Nge2 Bg4 7. f3 Bh5 8. Bf4 Qd8 9. Qd2 e6 10. O-O-O Nbd7 11.
h4 Bg6 12. Ne4 h6 13. g4 Bxe4 14. fxe4 Nxg4 15. Rdf1 Be7 16. h5 e5 17. Rhg1 exf4 18. Rxg4 Bg5 19. e5 f3 20. Nf4 Nf8 21. Bc4 Ne6 22.
Bxe6 fxe6 23. Rxf3 O-O 24. Kb1 c5 25. c3 cxd4 26.
cxd4 Qb6 27. Qd3 Rad8 28. Ne2 Rxf3 29. Qxf3 Qc6 30. Qxc6 bxc6 31. Kc2 Kf7 32. Rg3 g6 33. hxg6+ Kxg6 34. Kc3 Rf8 35. Ng1 Rf2 36. a4 Kf5 37.
Nh3 Rf1 38. b4 Rc1+ 39. Kb2 Rd1 40. Kc3 Rc1+ 41. Kb3 Rd1 42. Rf3+ Kg4 43. Rc3 Rb1+ 44. Kc4 Be7 45. Nf2+ Kh4 46. Nd3 Kg4 47. b5 cxb5+ 48. axb5 h5 49. Nf2+ Kf4 50. Nd3+ Kg4 51. d5 exd5+ 52.
Kxd5 h4 53. Nf2+ Kf4 54. Nh3+ Kg4 55. Ke6 Bb4 56. Nf2+ Kg5 57. Rc4 1-0

[Event "*** Titled Tuesday Blitz"]
[Site "Chess.com"]
[Date "2020.11.10"]
[Round "2"]
[White "Leonid_Starozhilov"]
[Black "Gogolev_Artemy"]
[Result "0-1"]
[WhiteElo "2685"]
[BlackElo "2487"]
[TimeControl "180+1"]
[EndTime "10:21:08 PST"]
[Termination "Gogolev_Artemy won by checkmate"]

1. e4 c6 2. d3 g6 3. Nd2 Bg7 4. h4 h5 5. Nh3 d6 6. Ng5 Nh6 7. Be2 Nd7 8. c3 d5 9. d4 dxe4 10.
Ndxe4 Nf5 11. Bc4 O-O 12. Nxf7 Rxf7 13. Ng5 Nd6 14. Nxf7 Nxf7 15. Qb3 Qf8 16. Bg5 b5 17.
Be6 Nf6 18. O-O Bxe6 19. Qxe6 Rc8 20. Rae1 Rc7 21. Re2 Kh7 22. Rfe1 Nxg5 23. hxg5 Nd5 24. g3 Qf3 25. Qe4 Qxe4 26. Rxe4 Kg8 27. Kg2 Kf7 28. f4 a5 29. Kf3 a4 30. g4 hxg4+ 31. Kxg4 Rc8 32.
a3 Rh8 33. f5 Rh2 34. fxg6+ Kxg6 35. R1e2 Rh1 36. Re6+ Kf7 37. Rxc6 Rg1+ 38. Kf5 Rf1+ 39.
Ke4 Nf4 40. g6+ Nxg6 41. Re3 Rb1 42. Rf3+ Bf6 43. Rf2 Re1+ 44. Kd3 Nf8 45. d5 Rd1+ 46. Rd2 Rxd2+ 47. Kxd2 Nd7 48. d6 exd6 49. Rxd6 Ke7 50. Rb6 Nxb6 51. Kc2 Kd6 52. b3 Kc5 53. Kb2 axb3 54.
Kxb3 Na4 55. c4 bxc4+ 56. Kxa4 Be5 57. Ka5 c3 58. a4 c2 59. Ka6 c1=Q 60. Kb7 Qd2 61.
a5 Qd6 62. Kc8 Qc7# 0-1

[Event "*** Titled Tuesday Blitz"]
[Site "Chess.com"]
[Date "2020.11.10"]
[Round "2"]
[White "Stormeman100100"]
[Black "S2PAc"]
[Result "0-1"]
[WhiteElo "2536"]
[BlackElo "2815"]
[TimeControl "180+1"]
[EndTime "10:21:09 PST"]
[Termination "S2PAc won by resignation"]

1. d4 Nf6 2. c4 e6 3. Nf3 c5 4. d5 exd5 5. cxd5 Bd6 6. Nc3 Bc7 7. Bg5 d6 8. e3 a6 9. a4 Nbd7 10. Be2 h6 11. Bh4 Nf8 12. Nd2 Ng6 13. Bg3 Rb8 14.
O-O O-O 15. a5 Bd7 16. Nc4 Ne8 17. Na4 Bb5 18. Nab6 Nf6 19. Qc2 Re8 20. Rad1 Ne4 21. Rfe1 Nxg3 22. hxg3 Bxc4 23. Nxc4 Bxa5 24. Rf1 b5 25.
Nxa5 Qxa5 26. Bd3 Ne5 27. Bf5 Qb6 28. e4 c4 29. Kh1 g6 30. Bh3 Nd3 31. f3 Qc5 32.
Qc3 Nf2+ 33. Rxf2 Qxf2 34. Kh2 Qb6 35. Re1 Qd8 36. f4 Qc7 37. e5 b4 38. Qd4 Qc5 39. Qe4 c3 40. e6 f5 41. Bxf5 gxf5 42. Qxf5 Qc7 43. bxc3 bxc3 44. g4 Qg7 45. g5 Rf8 46. Qg4 hxg5 47. fxg5 Rb7 48. Re2 Re8 49. Qg3 Rb2 50.
Re1 c2 51. Rf1 Qe5 52. Qxe5 dxe5 53. d6 Rxe6 54. d7 Rd6 55. Rf6 Rxd7 56. Rc6 Rd1 57. Rc8+ Kg7 58. Rc7+ Kg6 59. Rc6+ Kxg5 60. Rc8 c1=Q 61.
Rg8+ Kf6 62. Rf8+ Ke7 63. Rf3 Qh6+ 64. Kg3 Qg5+ 65. Kh3 Qxg2+ 66. Kh4 Rh1+ 67. Rh3 0-1

[Event "*** Titled Tuesday Blitz"]
[Site "Chess.com"]
[Date "2020.11.10"]
[Round "2"]
[White "vovachesss"]
[Black "lefonghua"]
[Result "0-1"]
[WhiteElo "2673"]
[BlackElo "2473"]
[TimeControl "180+1"]
[EndTime "10:21:09 PST"]
[Termination "lefonghua won by resignation"]

1. e4 c5 2. d4 cxd4 3. c3 Nf6 4.
e5 Nd5 5. Nf3 d6 6. Bc4 Nb6 7.
Bb3 Nc6 8. Bf4 e6 9. O-O dxe5 10. Nxe5 Bd6 11. Nxc6 bxc6 12. Qxd4 Bxf4 13. Qxf4 O-O 14. Rd1 Nd5 15. Qf3 Qf6 16. Nd2 Ba6 17. Qxf6 gxf6 18. Bc4 Bxc4 19. Nxc4 Rab8 20. Rd4 f5 21. Rad1 Kg7 22.
R1d2 Rfd8 23. Ne5 Rdc8 24. Ra4 Rb7 25. g3 Kf6 26. Nd3 c5 27. f4 Ke7 28. Kf2 Nf6 29.
Ke3 Ne4 30. Re2 Rcb8 31. Ne5 Rc8 32. Nc4 Rd8 33. Ne5 Rc8 34. Ra6 Rbc7 35. Re1 f6 36.
Nc4 Rd8 37. Na5 Rd2 38. Nc6+ Kf7 39. Nd8+ Rxd8 40. Re2 Rcd7 41. Kf3 Rd3+ 42. Re3 Rxe3+ 43. Kxe3 Rd7 44. a4 Rb7 45. Kd3 Rxb2 46. Rxa7+ Kg6 47. a5 Rb3 48. Kc4 Rxc3+ 49. Kb5 Rb3+ 50. Kc6 c4 51. Rc7 c3 52. Kd7 Ra3 53. Kxe6 Rxa5 54. Rc8 Ra7 55. Rg8+ Rg7 56. Rc8 h5 57. Rd8 Rc7 58. Rg8+ Kh7 59.
Kxf5 Kxg8 0-1

[Event "*** Titled Tuesday Blitz"]
[Site "Chess.com"]
[Date "2020.11.10"]
[Round "2"]
[White "Gajuchess"]
[Black "FontVella8"]
[Result "0-1"]
[WhiteElo "2718"]
[BlackElo "2519"]
[TimeControl "180+1"]
[EndTime "10:21:10 PST"]
[Termination "FontVella8 won on time"]

1. d4 d5 2. c4 e6 3. Nc3 Nf6 4. cxd5 exd5 5. Bg5 c6 6. e3 Bf5 7. Qf3 Bg6 8. Bxf6 gxf6 9. Qd1 Qb6 10. Qd2 Nd7 11. Nf3 h5 12. Nh4 Be7 13. g3 f5 14.
Ng2 h4 15. Rg1 O-O-O 16. Nf4 Nf6 17. f3 Bd6 18. O-O-O hxg3 19. hxg3 Rde8 20. Bd3 Qc7 21. Rde1 Kb8 22. Qc2 Qd7 23. Na4 b6 24. Kb1 Re7 25.
Nc3 Rhe8 26. Qd2 Kb7 27. Re2 Bh5 28. Rf1 Rg8 29. Rh2 Bxf4 30. gxf4 Rg3 31. Rhf2 Qe8 32. Nd1 a5 33. Bxf5 Bg6 34. Bd3 Bxd3+ 35. Qxd3 Nh5 36.
Qd2 Rh3 37. Rg1 Ng3 38. Re1 Nf5 39. Rfe2 Ng3 40. Rg2 Nf5 41. Rf2 Rg3 42. a3 Nd6 43. Qd3 Rg6 44. a4 Rge6 45. Rfe2 Qg8 46. b3 Qg3 47.
Rf2 Rh6 48. Qf1 Rf6 49. Rg2 Qh3 50. Qf2 Qf5+ 51. Kb2 Qe6 52. Qc2 Rxf4 53. Rf2 Rf6 54. Nc3 Qh3 55. Rc1 Qd7 0-1

[Event "*** Titled Tuesday Blitz"]
[Site "Chess.com"]
[Date "2020.11.10"]
[Round "2"]
[White "ChelsieMonica"]
[Black "temus_galaktionov"]
[Result "0-1"]
[WhiteElo "2336"]
[BlackElo "2648"]
[TimeControl "180+1"]
[EndTime "10:21:10 PST"]
[Termination "temus_galaktionov won by resignation"]

1. c4 c6 2. Nf3 g6 3. g3 Bg7 4. Bg2 d6 5. O-O Nf6 6. Nc3 O-O 7. d4 Nbd7 8. d5 cxd5 9. cxd5 a6 10. a4 a5 11. Be3 Nc5 12. Bxc5 dxc5 13. e4 Nd7 14. Kh1 b6 15. Rc1 Bb7 16. Re1 Qb8 17.
Qe2 Nf6 18. Rcd1 Rd8 19. Nb5 Qc8 20. h3 Ba6 21. Qc4 Qb7 22. Rd2 Ne8 23. e5 Qd7 24. e6 fxe6 25. dxe6 Qc8 26. Rd7 Bxb5 27. axb5 Nd6 28. Qd5 Bf6 29. Ne5 Kg7 30. Qxa8 Qxa8 31.
Bxa8 Rxa8 32. Nc6 Kf8 33. b3 Nxb5 34. Red1 Nd4 35. Nxd4 Bxd4 36. f4 b5 37. Rb7 a4 38.
bxa4 bxa4 39. Rd2 a3 40. Ra2 Ra6 41. Kg2 c4 42. Kf3 Bc5 43. Ke4 Ra5 44. Rc7 Kg7 45. Rc6 Kf6 46. Kd5 Bd6+ 47. Kxc4 Kxe6 48. Kb3 Rd5 49.
Rc3 Rd1 50. Re3+ Kf6 51. Ree2 h5 52. g4 Rd3+ 53. Kc4 Rxh3 54. gxh5 Rxh5 55. Rf2 Rf5 56. Kd3 Kf7 57. Ke4 Ra5 58. f5 g5 59. Kf3 Kf6 60.
Kg4 Ra4+ 61. Kh3 Bf4 62. Kg4 Be3+ 63. Kf3 Bxf2 64. Kxf2 Kxf5 0-1